AoeStats
← Cirella Cavanagh

Arabia

507378691Analyzed
1v1 RM · 14d ago on Sep 18, 2026· 20m 31s· 2 players
Game mode
Random Map
Map size
Tiny (2 player)
Population
200
Speed
Normal
Resources
Standard
Victory
Conquest
Starting age
Dark Age
Ending age
Imperial Age
RankedLock teamsTeams togetherTeam positionsShared explorationLock speedFull tech treeHidden civsTurbo modeCheats
Victory
Defeat
🇨🇴 Inca · Colombia
1089
+15
🇨🇱 Cumans · Chile
1065
-15
Cirella Cavanagh
3:22 Loom
3:26 Loom
10:39 Feudal Age
11:46 Man-at-Arms
17:39 Forging
17:53 Scale Mail Armor
KVTLB
1:24 Loom
6:32 Loom
9:49 Feudal Age
11:25 Champi Runner
14:23 Scale Mail Armor
Connection lost

Rejoining the realm…

Still unreachable

The connection could not be restored.

Session expired

The server has moved on; the page needs a fresh start.